Map: Eastwatch LE

Players

SilentStorm - Winner!

  • Race: Terran Terran
  • Spawn Location: 1:00

Calculus

  • Race: Terran Terran
  • League: Gold
  • Spawn Location: 7:00

VOD

Have the link to the VOD?

Description

Improving at Starcraft II - Episode 1

Time

  • Played on: March 9, 2018, 12:55 a.m.
  • Length: 13:35
Show
View Real Time Build Order
Export as new Build Order

SilentStorm Terran - Winner!

Build Orders: MMM Bio 

Get SALT Encoding   

  12  0:01  SCV  
  13  0:13  SCV  
  14  0:18  Supply Depot  
  14  0:25  SCV  
  15  0:40  SCV  
  15  0:42  Barracks  
  16  0:51  Refinery  
  16  0:52  SCV  
  18  1:04  SCV  
  19  1:24  SCV  
  19  1:32  Supply Depot  
  19  1:35  Barracks Reactor  
  20  1:41  Orbital Command  
  19  2:06  Command Center  
  19  2:13  Factory  
  19  2:14  SCV  
  20  2:16  Marine x2  
  22  2:26  SCV  
  23  2:34  Refinery, Marine x2  
  25  2:38  SCV  
  26  2:52  Marine x2  
  26  2:53  SCV  
  26  2:57  Engineering Bay  
  29  3:05  SCV  
  29  3:10  Marine  
  31  3:15  Barracks, Factory Tech Lab  
  31  3:17  Marine  
  31  3:18  SCV  
  33  3:21  Supply Depot  
  33  3:29  Orbital Command  
  33  3:30  SCV  
  35  3:38  Marine  
  35  3:39  Marine  
  36  3:44  Supply Depot  
  36  3:45  Siege Tank  
  39  3:52  SCV  
  40  3:58  Supply Depot  
  40  4:01  Marine  
  41  4:03  Marine  
  41  4:04  SCV  
  41  4:09  SCV  
  44  4:16  SCV  
  45  4:19  Marine  
  45  4:21  SCV, Marine  
  48  4:25  Barracks  
  48  4:28  Barracks Tech Lab, SCV  
  48  4:30  Siege Tank  
  52  4:35  SCV  
  53  4:39  Terran Infantry Weapons Level 1  
  53  4:40  SCV  
  54  4:47  SCV  
  54  4:49  Barracks, Stimpack, Marine  
  54  4:50  Marine  
  54  4:52  SCV  
  58  4:54  Marauder  
  60  5:11  Refinery  
  60  5:14  Refinery  
  60  5:15  Marauder, Supply Depot  
  60  5:17  Marine x2  
  64  5:23  Barracks Tech Lab  
  64  5:29  SCV  
  64  5:31  SCV  
  66  5:37  Marauder  
  66  5:38  Supply Depot  
  66  5:41  SCV  
  69  5:43  SCV  
  69  5:45  Combat Shields  
  69  5:48  Barracks Reactor  
  70  5:51  Marine  
  70  5:52  Marine  
  70  5:53  Marauder, SCV  
  75  5:58  Marauder  
  75  6:01  Supply Depot  
  77  6:05  SCV  
  77  6:09  Marine x2  
  80  6:14  Marauder  
  82  6:19  Marauder  
  82  6:22  Starport  
  82  6:23  Supply Depot  
  84  6:27  Marine x2  
  83  6:36  Marauder  
  82  6:41  Marauder  
  82  6:46  Supply Depot  
  84  6:51  Siege Tank  
  84  6:52  Marine x3  
  84  6:53  Marine  
  89  6:56  Marine  
  82  7:02  Marine  
  77  7:08  Medivac, Supply Depot  
  77  7:11  Marine  
  77  7:12  Marine x2  
  77  7:13  Marine  
  77  7:15  Marauder  
  85  7:19  Marine  
  86  7:23  Siege Tank  
  86  7:29  Missile Turret  
  89  7:30  SCV  
  89  7:36  Marauder  
  92  7:37  Marine  
  92  7:38  Medivac  
  95  7:55  Siege Tank  
  98  7:59  Missile Turret  
  50  8:34  Marine x2  
  50  8:35  Marine x3  
  50  8:36  Marauder  
  57  8:52  Marine x4  
  57  8:53  Marine  
  62  8:57  Marauder, Medivac, Supply Depot x2  
  66  9:10  Marine x3  
  69  9:19  Marauder  
  69  9:20  Marine x2, Supply Depot  
  73  9:27  Medivac  
  73  9:28  Marine x3  
  78  9:38  Marine x2  
  80  9:40  Marauder  
  79  9:45  Marine  
  64  9:54  Marine x2  
  64  9:55  Marine  
  64  9:57  Medivac  
  69  10:01  Marauder  
  71  10:11  Siege Tank  
  74  10:15  Terran Infantry Armor Level 1  
  74  10:18  SCV, Command Center  
  75  10:23  Marauder  
  77  10:30  SCV  
  78  10:39  Marine x4  
  78  10:40  Barracks Reactor  
  82  10:43  Siege Tank  
  82  10:44  Marauder  
  87  10:56  Marine  
  88  10:57  Marine  
  88  11:03  Factory  
  89  11:05  Marauder  
  89  11:09  Starport Tech Lab  
  91  11:15  Siege Tank  
  94  11:18  Marine  
  94  11:19  Marine x4  
  94  11:20  Marine  
  101  11:25  SCV  
  101  11:27  Marauder  
  101  11:31  Orbital Command  
  103  11:36  Marine  
  103  11:37  SCV, Marine x4  
  103  11:38  Marine, Supply Depot  
  102  11:47  Siege Tank  
  102  11:48  Marauder  
  102  11:49  SCV  
  100  11:54  Marine  
  100  12:00  Supply Depot  
  101  12:10  Marauder  
  101  12:11  Factory Tech Lab  
  106  12:17  Medivac  
  106  12:19  Siege Tank  
  106  12:21  Marine x4  
  112  12:24  Supply Depot  
  112  12:27  SCV  
  113  12:31  Marauder  
  115  12:39  SCV  
  116  12:47  Medivac  
  118  12:51  SCV, Siege Tank  
  118  12:52  Marauder  
  122  13:14  Marauder  
  122  13:15  Marine  
  122  13:16  Marine  
  122  13:17  Marine x3  
Show
View Real Time Build Order
Export as new Build Order

Calculus Terran 

Build Orders:  

Get SALT Encoding   

  12  0:01  SCV  
  13  0:13  SCV  
  14  0:18  Supply Depot  
  14  0:25  SCV  
  15  0:40  SCV  
  15  0:41  Barracks  
  16  0:46  Refinery  
  16  0:52  SCV  
  18  1:04  SCV  
  18  1:16  SCV  
  19  1:28  Barracks Reactor  
  19  1:29  Orbital Command  
  19  1:50  Command Center  
  19  1:55  SCV, Supply Depot  
  20  2:05  Marine x2  
  22  2:10  SCV  
  23  2:16  Barracks  
  23  2:23  SCV  
  23  2:24  Marine  
  23  2:25  Marine  
  26  2:37  SCV  
  26  2:38  Factory  
  26  2:42  Marine  
  26  2:43  Marine  
  29  2:54  SCV  
  29  2:55  Refinery  
  30  3:01  Marine x2  
  30  3:04  Orbital Command  
  32  3:10  SCV  
  33  3:15  Supply Depot  
  33  3:21  Marine x2  
  33  3:23  Barracks Tech Lab  
  35  3:27  SCV  
  35  3:28  Orbital Command  
  36  3:40  Marine x2  
  38  3:44  Factory Tech Lab  
  38  3:46  Starport  
  38  3:48  SCV  
  38  3:49  Marine  
  40  4:00  Marine x2  
  42  4:05  SCV x2  
  44  4:13  Marine  
  44  4:15  Command Center  
  45  4:17  Stimpack  
  45  4:19  Marine  
  46  4:26  SCV x2  
  46  4:30  Marine  
  46  4:31  Marine, Siege Tank  
  53  4:39  SCV  
  54  4:48  Supply Depot  
  54  5:09  Medivac, Marine x3  
  54  5:10  SCV x2  
  54  5:12  Engineering Bay  
  61  5:14  Engineering Bay  
  61  5:18  Supply Depot  
  61  5:25  SCV  
  61  5:27  SCV, Siege Tank  
  66  5:30  Marine x2  
  66  5:31  Marine  
  69  5:39  Orbital Command  
  69  5:40  SCV x2  
  69  5:41  Supply Depot  
  71  5:44  Barracks, Medivac  
  71  5:45  Barracks  
  73  5:59  SCV x2  
  73  6:00  Marine x3  
  78  6:05  Supply Depot  
  78  6:26  Marine x3  
  78  6:27  Orbital Command  
  78  6:28  Siege Tank, Supply Depot  
  81  6:46  SCV x2, Marine  
  83  6:47  Marine x2  
  86  6:57  Barracks  
  86  6:59  Barracks, Barracks Reactor  
  86  7:00  Barracks Reactor  
  78  7:09  Marine x3  
  78  7:10  Barracks x2  
  78  7:12  Medivac  
  78  7:13  SCV x2  
  85  7:29  Terran Infantry Weapons Level 1  
  85  7:37  Barracks  
  85  7:45  Barracks, Barracks Reactor  
  85  7:47  Barracks  
  85  7:52  Barracks Reactor  
  85  7:53  Marine x3  
  88  8:04  SCV x3  
  91  8:11  Marine x3  
  94  8:13  Medivac  
  94  8:18  SCV x2  
  94  8:19  SCV  
  90  8:28  Marine  
  90  8:29  Marine  
  68  8:37  Marine x5  
  67  8:43  SCV x3  
  67  8:44  Siege Tank  
  67  8:46  Marine  
  74  8:49  Medivac  
  73  8:59  Marine  
  73  9:00  Marine x5  
  73  9:02  Barracks Reactor  
  77  9:11  Refinery  
  77  9:13  Refinery  
  77  9:14  SCV x2  
  77  9:15  SCV, Refinery  
  80  9:19  Marine x5  
  80  9:20  Marine x2  
  87  9:24  Barracks Reactor x2  
  87  9:30  SCV x3  
  86  9:53  Marine x5  
  86  9:54  Marine x4  
  95  10:07  Barracks  
  95  10:09  Barracks  
  95  10:13  Barracks  
  95  10:16  Barracks Reactor x2  
  95  10:23  Supply Depot  
  95  10:25  Supply Depot x2  
  95  10:26  SCV x3, Marine  
  95  10:27  Marine x6, Supply Depot  
  105  10:37  Command Center  
  105  10:41  Siege Tank  
  108  10:44  Starport Reactor  
  108  10:47  Terran Infantry Armor Level 1, Supply Depot  
  108  10:51  Armory  
  108  10:59  Missile Turret  
  108  11:05  Marine x5  
  108  11:06  Marine, Barracks Reactor x3  
  108  11:07  Marine x5  
  119  11:15  Marine x3  
  122  11:22  SCV x3, Marine x3  
  122  11:23  Marine  
  122  11:24  Marine x4  
  122  11:25  Missile Turret, Marine x3  
  136  11:34  Supply Depot  
  136  11:37  Supply Depot  
  136  11:39  Supply Depot  
  136  11:42  Supply Depot  
  136  11:46  Missile Turret  
  93  12:05  Armory  
  93  12:06  Marine x4  
  93  12:07  Missile Turret, Marine x7  
  93  12:08  Medivac, Marine  
  105  12:09  Medivac  
  105  12:13  Planetary Fortress  
  109  12:18  SCV x3  
  109  12:20  Marine x5, Command Center  
  117  12:23  Marine x3  
  117  12:28  Missile Turret  
  120  12:34  Marine  
  120  12:35  Marine x6  
  120  12:36  Marine x5  
  131  12:49  Missile Turret  
  131  12:51  Marine x3  
  131  12:57  Marine x4  
  131  12:58  Marine x2  
  129  13:00  Marine x6  
  129  13:01  Marine  
  129  13:02  Medivac, Siege Tank  
Tags
 
Composition
MMM Bio
League
Gold
Matchup
TvT
Race
Terran
Spawn Locations
Cross Positions
Add a new tag
Caveats
  • Supply blocks, unpowered buildings, or Contaminate may cause inaccurate times.
  • Supply counts are checked every 10 seconds.